 Dungeon Crawl Stone Soup version 0.29.1-12-g30fa7ad0bf (webtiles) character file.

Game seed: 953058861469715939

622 Radix the Digger (level 7, -1/36 HPs)
             Began as a Gargoyle Earth Elementalist on Dec 28, 2022.
             Was an Initiate of Vehumet.
             Slain by a gnoll
             ... wielding a +0 flail
             ... led by a gnoll bouda
              (8 damage)
             ... on level 5 of the Dungeon.
             The game lasted 00:17:18 (3589 turns).

Radix the Digger (Gargoyle Earth Elementalist)      Turns: 3589, Time: 00:17:19

Health: -1/36      AC:  7    Str: 11    XL:     7   Next: 46%
Magic:  3/14       EV: 12    Int: 18    God:    Vehumet [......]
Gold:   212        SH:  0    Dex: 16    Spells: 10/16 levels left

rFire   . . .      SeeInvis .   j - +4 whip (venom)
rCold   . . .      Faith    .   (no shield)
rNeg    + . .      Spirit   .   a - +0 robe
rPois   ∞          Reflect  .   (no helmet)
rElec   +          Harm     .   (no cloak)
rCorr   .          Rampage  .   f - +0 pair of gloves
Will    .....                   (no boots)
Stlth   ++........              (no amulet)
HPRegen 0.12/turn               e - +6 ring of dexterity
MPRegen 0.14/turn               (no ring)

@: no status effects
A: sickness immunity, AC +4, negative energy resistance 1, electricity
resistance, torment resistance 1, petrification resistance
a: Renounce Religion


You were on level 5 of the Dungeon.
You worshipped Vehumet.
Vehumet was noncommittal.
You visited 1 branch of the dungeon, and saw 7 of its levels.

You collected 212 gold pieces.

Inventory:

Hand Weapons
 j - a +4 whip of venom (weapon)
Armour
 a - a +0 robe (worn)
 f - a +0 pair of gloves (worn)
 n - a +2 scale mail of positive energy
Jewellery
 e - a +6 ring of dexterity (left hand)
Wands
 p - a wand of acid (7) (quivered)
Scrolls
 i - 3 scrolls of teleportation
 m - a scroll of amnesia {unknown}
 q - a scroll of identify
 r - a scroll of noise {unknown}
Potions
 b - a potion of magic
 c - 2 potions of resistance {unknown}
 d - a potion of brilliance {unknown}
 g - a potion of mutation
 k - a potion of haste {unknown}
 l - 2 potions of berserk rage
 o - a potion of attraction {unknown}


   Skills:
 - Level 1.5 Dodging
 - Level 2.1 Stealth
 + Level 5.1 Spellcasting
 + Level 2.8 Conjurations
 - Level 0.7 Transmutations
 + Level 7.1 Earth Magic


You had 10 spell levels left.
You knew the following spells:

 Your Spells              Type           Power      Damage    Failure   Level
a - Sandblast             Erth           60%        2d14      1%          1
b - Stone Arrow           Conj/Erth      44%        3d9       4%          3
c - Passwall              Tmut/Erth      15%        N/A       4%          2

Your spell library contained the following spells:

 Spells                   Type           Power      Damage    Failure   Level
 Petrify                  Tmut/Erth      18%        N/A       26%         4


Dungeon Overview and Level Annotations

Branches:
Dungeon (7/15)             Temple (0/1) D:7

Altars:
Ashenzari
Vehumet

Shops:
D:7 (


Innate Abilities, Weirdness & Mutations

You are immune to sickness and miasma.
Your stone body is resilient. (AC +4)
You are immune to poison.
You resist negative energy. (rN+)
You are resistant to electric shocks. (rElec)
You are resistant to unholy torment.
You are immune to petrification.


Message History

The hound closely misses you. The gnoll attacks as you move away!
The gnoll hits you with a +0 flail.
The centaur shoots an arrow.
The arrow barely misses you. The hound bites you. The hound barely misses you.
Casting: Sandblast (safe; 1% risk of failure)
Confirm with . or Enter, or press ? or * to list all spells.
Aiming: Sandblast (safe; 1% risk of failure)
Press: ? - help, Shift-Dir - straight line, f/p - hound
Aim: a hound (heavily wounded, 78% to hit)
The blast of sand hits the hound.
The hound is almost dead.
The hound barely misses you. x2
You barely miss the hound.
The hound is almost dead.
The hound bites you but does no damage. The gnoll barely misses you.
The hound bites you but does no damage.
You hit the hound.
You kill the hound!
Vehumet accepts your kill.
The centaur shoots an arrow.
The arrow hits you!
* * * LOW HITPOINT WARNING * * *
The gnoll barely misses you.
The centaur shoots an arrow.
The arrow hits you.
* * * LOW HITPOINT WARNING * * *
An adder comes into view.
The centaur unwields a +0 shortbow.
The centaur completely misses you.
The centaur kicks you but does no damage.
The gnoll barely misses you.
Casting: Sandblast (safe; 1% risk of failure)
Confirm with . or Enter, or press ? or * to list all spells.
Aiming: Sandblast (safe; 1% risk of failure)
Press: ? - help, Shift-Dir - straight line, f - centaur
Aim: a centaur (90% to hit)
The blast of sand hits the centaur!!
The centaur is almost dead.
The gnoll shouts!
The orc shouts!
The centaur hits you.
* * * LOW HITPOINT WARNING * * *
The centaur closely misses you. The gnoll hits you with a +0 flail!
You die...

#..# #.# #........
....#####.# #......#
..........####.....######
........................###
..........##....†.##......##
..........##..?.........)..#
.................#>......$...
...........#.#.#.#..)........
.....†.......#.g@c...........
.>..............##....S......
####........#.####....o...o..
# #.....####.# ##...g...... #
#....## #.# #.......... #
..#..# .# .......... #
..#.... ......... # ......#
....... .


You could see a centaur, 2 gnolls, an adder and an orc.

Vanquished Creatures
  An ice beast (D:5)
  A bullfrog (D:7)
  A scorpion (D:5)
  A howler monkey (D:5)
  A hound (D:5)
  2 orc priests (D:3)
  A gnoll bouda (D:5)
  Terence (D:2)
  2 iguanas
  A gnoll (D:5)
  6 adders
  2 ufetubi (D:5)
  5 worms
  2 dart slugs
  7 orcs (D:3)
  5 ball pythons
  8 endoplasms
  5 giant cockroaches
  7 hobgoblins
  A quokka (D:3)
  11 bats
  5 frilled lizards
  5 goblins
  4 kobolds (D:2)
  4 rats
89 creatures vanquished.

Notes
Turn   | Place    | Note
-------+----------+-------------------------------------------
     0 | D:1      | Radix the Gargoyle Earth Elementalist began the quest for
                  | the Orb.
     0 | D:1      | Reached XP level 1. HP: 10/10 MP: 3/3
   355 | D:1      | Reached skill level 4 in Earth Magic
   355 | D:1      | Reached XP level 2. HP: 14/15 MP: 1/5
   744 | D:1      | Reached XP level 3. HP: 19/19 MP: 3/6
  1083 | D:2      | Identified the +2 robe "Uriguosi" {Fly rF+ Stlth- Archmagi}
  1222 | D:2      | Reached XP level 4. HP: 24/24 MP: 5/8
  1292 | D:2      | Reached skill level 5 in Earth Magic
  1414 | D:2      | Found a faded altar of an unknown god.
  1455 | D:2      | Noticed Terence
  1462 | D:2      | Killed Terence
  1463 | D:2      | Reached XP level 5. HP: 24/28 MP: 4/10
  1714 | D:3      | Learned a level 3 spell: Stone Arrow
  1717 | D:3      | Learned a level 2 spell: Passwall
  2346 | D:3      | Found a radiant altar of Vehumet.
  2354 | D:3      | Became a worshipper of Vehumet
  2440 | D:3      | Found a broken altar of Ashenzari.
  2517 | D:3      | HP: 1/28 [orc priest/divine providence (12)]
  2527 | D:3      | Reached skill level 6 in Earth Magic
  2527 | D:3      | Reached XP level 6. HP: 5/32 MP: 9/12
  3149 | D:4      | You fall into a shaft and drop 3 floors!
  3155 | D:7      | Found a staircase to the Ecumenical Temple.
  3200 | D:7      | Reached skill level 1 in Conjurations
  3215 | D:7      | Found Yqeggos's Antique Weapon Emporium.
  3228 | D:6      | Noticed an ice beast
  3228 | D:6      | Noticed an ice beast
  3250 | D:6      | Noticed a wyvern
  3255 | D:5      | Entered Level 5 of the Dungeon
  3261 | D:5      | Killed an ice beast
  3293 | D:5      | Reached XP level 7. HP: 8/36 MP: 2/14
  3570 | D:5      | Reached skill level 7 in Earth Magic
  3571 | D:5      | Reached skill level 5 in Spellcasting
  3589 | D:5      | Slain by a gnoll

Illustrated notes

Levels and vault maps discovered:
D:1:      dpeg_cavernosity, layout_rooms
D:2:      layout_basic, dreamdust_ecumenical_altar_statues, minmay_box_of_dots,
          uniq_terence
D:3:      layout_basic, lemuel_tele_altar, mainiacjoe_overflow_six_doors_small,
          amethyst_killhole
D:4:      layout_basic
D:5:      layout_rooms, led_sif_book, lemuel_crystal_altar
D:6:      layout_cave_pools, serial_glass, glass_columns_a, glass_columns_b,
          glass_columns_a, glass_columns_c, glass_columns_c, glass_columns_a,
          glass_columns_a, glass_columns_a, glass_columns_b, glass_columns_b
D:7:      layout_cave_pools, nzn_hepliaklqana_mist_gate,
          minmay_temple_entry_tees, serial_shops, shop,
          kennysheep_cross_bottleneck, nicolae_shop_firing_range

Skill      XL: |  1  2  3  4  5  6  7 |
---------------+----------------------+-----
Earth Magic    | 4 5 6 7 |  7.1
Spellcasting   | 3 4 5 |  5.1
Conjurations   | 2 |  2.8
Dodging        | |  1.5
Stealth        | |  2.1
Transmutations | |  0.7

Action                   |  1- 3 |  4- 6 |  7- 9 || total
-------------------------+-------+-------+-------++-------
Melee: Unarmed           |    15 |       |       ||    15
       Spear             |     1 |       |       ||     1
       Whip              |       |    36 |     3 ||    39
       Punch             |       |     1 |       ||     1
 Cast: Sandblast         |    46 |    64 |    16 ||   126
       Stone Arrow       |       |     3 |     1 ||     4
Evoke: Wand              |       |     1 |       ||     1
  Use: Scroll            |       |     9 |       ||     9
       Potion            |       |     2 |     1 ||     3
Armor: Robe              |    10 |    22 |     7 ||    39
Dodge: Dodged            |    20 |    44 |    18 ||    82
